 Dungeon Crawl Stone Soup version 0.29.1-12-g30fa7ad0bf (webtiles) character file.

Game seed: 17242480080319482528

700 fantasyman the Slasher (level 7, 0/56 HPs)
             Began as a Formicid Fighter on Jan 9, 2023.
             Was an Initiate of Okawaru.
             Slain by a jelly (2 damage)
             ... on level 4 of the Dungeon.
             The game lasted 00:05:42 (5406 turns).

fantasyman the Slasher (Formicid Fighter)           Turns: 5406, Time: 00:05:43

Health: 0/56       AC: -6    Str: 28    XL:     7   Next: 98%
Magic:  7/7        EV:  8    Int:  8    God:    Okawaru [......]
Gold:   307        SH:  6    Dex: 13    Spells: 6/6 levels left

rFire   . . .      SeeInvis +   a - +1 long sword
rCold   . . .      Faith    .   c - +1 buckler
rNeg    . . .      Spirit   .   p - +0 chain mail
rPois   .          Reflect  .   (helmet unavailable)
rElec   .          Harm     .   (no cloak)
rCorr   .          Rampage  .   (no gloves)
Will    .....                   (no boots)
Stlth   ..........              (no amulet)
HPRegen 0.18/turn               j - +6 ring of strength
MPRegen 0.10/turn               (no ring)

@: corroded
A: permanent stasis, dig shafts and tunnels, antennae 3, four strong arms
a: Dig, Shaft Self, Renounce Religion


You were on level 4 of the Dungeon.
You worshipped Okawaru.
Okawaru was noncommittal.
You visited 2 branches of the dungeon, and saw 5 of its levels.

You collected 307 gold pieces.

Inventory:

Hand Weapons
 a - a +1 long sword (weapon)
Armour
 c - a +1 buckler (worn)
 p - a +0 chain mail (worn)
Jewellery
 f - an amulet of guardian spirit
 j - a +6 ring of strength (left hand)
Wands
 d - a wand of quicksilver (6)
 o - a wand of flame (22)
Scrolls
 e - a scroll of identify
 h - a scroll of teleportation
Potions
 g - a potion of degeneration
 k - a potion of attraction
 m - a potion of brilliance


   Skills:
 * Level 5.0 Fighting
 + Level 5.9 Long Blades
 * Level 5.2 Armour
 - Level 5.2 Shields
 * Level 1.0 Invocations
 - Level 0.1 Evocations


You had 6 spell levels left.
You didn't know any spells.
Your spell library was empty.

Dungeon Overview and Level Annotations

Branches:
Dungeon (4/15)             Temple (1/1) D:4

Altars:
Cheibriados
Elyvilon
Fedhas
Hepliaklqana
Kikubaaqudgha
Nemelex Xobeh
Okawaru
Ru
Trog
Vehumet
Wu Jian
Xom
Zin


Innate Abilities, Weirdness & Mutations

You cannot be hasted, slowed, berserked, paralysed or teleported.
You can dig through walls and to a lower floor.
You have a pair of large antennae on your head. (SInv)
Your four strong arms can wield two-handed weapons with a shield.


Message History

A jelly is nearby!
You hit the jelly. The acid corrodes you!
Your hands burn!
The jelly is lightly wounded.
The jelly completely misses you.
A jelly is nearby!
You hit the jelly. The acid corrodes you!
Your hands burn!
The jelly is heavily wounded.
The jelly hits you but does no damage.
A jelly is nearby!
You hit the jelly.
Your hands burn!
The jelly is severely wounded.
The jelly hits you.
You are splashed with acid!
A jelly is nearby!
You hit the jelly.
Your hands burn!
The jelly is severely wounded.
The jelly hits you. The acid corrodes you!
You are splashed with acid.
A jelly is nearby!
You hit the jelly but do no damage. The acid corrodes you!
Your hands burn!
The jelly is severely wounded.
The jelly barely misses you.
A jelly is nearby!
You are too injured to fight recklessly!
A jelly is nearby!
You are too injured to fight recklessly!
You hit the jelly but do no damage.
Your hands burn!
The jelly is severely wounded.
The jelly barely misses you.
As you read the scroll labelled MAFRAF MOMITOE, it crumbles to dust.
You feel a strange sense of stasis.
It was a scroll of teleportation.
The jelly hits you. The acid corrodes you!
You are splashed with acid!
* * * LOW HITPOINT WARNING * * *
Okay, then.
You block the jelly's attack. The jelly attacks as you move away!
You block the jelly's attack. The jelly attacks as you move away!
The jelly hits you.
* * * LOW HITPOINT WARNING * * *
You are splashed with acid!
* * * LOW HITPOINT WARNING * * *
It was a potion of magic.
Magic courses through your body. The jelly hits you.
You die...

.................##
.#..#.....#......###
....#.........##...#
##.#####....###<..##
##.####.....###...##
...##......##....#.##
#######'............####
...#..†#.....###.......#
...#...#....##..@......#
.......#.#.####J#####..#
##._.###.#..###...#.##.###
.......#....##...........#
...#...#.#......####...###
...#...#.##.##...###..##
#######+.##.......#...#
...............#
...##...........#


You could see a jelly.

Vanquished Creatures
  Grinder (D:3)
  Edmund (D:3)
  A scorpion (D:4)
  2 orc priests
  A scorpion zombie (D:3)
  An iguana (D:3)
  3 orc wizards
  2 adders
  A howler monkey skeleton (D:3)
  An adder zombie (D:3)
  An adder skeleton (D:3)
  5 dart slugs
  11 orcs
  7 ball pythons
  6 bats
  7 endoplasms
  4 giant cockroaches
  10 goblins
  3 hobgoblins
  2 quokkas (D:3)
  5 frilled lizards
  8 kobolds
  16 rats
99 creatures vanquished.

Notes
Turn   | Place    | Note
-------+----------+-------------------------------------------
     0 | D:1      | fantasyman the Formicid Fighter began the quest for the
                  | Orb.
     0 | D:1      | Reached XP level 1. HP: 18/18 MP: 1/1
    49 | D:1      | Reached XP level 2. HP: 21/24 MP: 2/2
   274 | D:1      | Reached XP level 3. HP: 25/29 MP: 3/3
  1322 | D:2      | Reached XP level 4. HP: 28/37 MP: 4/4
  1648 | D:2      | Found a faded altar of an unknown god.
  1954 | D:3      | Reached XP level 5. HP: 38/42 MP: 5/5
  2070 | D:3      | Found a blossoming altar of Fedhas.
  2611 | D:3      | Noticed Grinder
  2630 | D:3      | Killed Grinder
  2631 | D:3      | Reached skill level 5 in Long Blades
  2631 | D:3      | Reached skill level 5 in Shields
  2631 | D:3      | Reached XP level 6. HP: 26/49 MP: 6/6
  3141 | D:4      | Noticed Edmund
  3166 | D:3      | Killed Edmund
  3167 | D:3      | Reached XP level 7. HP: 12/55 MP: 7/7
  3704 | D:4      | Found a staircase to the Ecumenical Temple.
  3713 | Temple   | Entered the Ecumenical Temple
  3758 | Temple   | Became a worshipper of Warmaster Okawaru
  4150 | D:4      | Found a shimmering altar of Xom.
  4532 | D:4      | Reached skill level 5 in Armour
  4611 | D:4      | Found a sacrificial altar of Ru.
  4762 | D:4      | Reached skill level 5 in Fighting
  4773 | D:4      | Reached skill level 1 in Invocations
  4773 | D:4      | Found an ornate altar of the Wu Jian Council.
  4773 | D:4      | Found a sparkling altar of Nemelex Xobeh.
  5405 | D:4      | HP: 2/56 [acid (8)]
  5406 | D:4      | Slain by a jelly

Illustrated notes

Levels and vault maps discovered:
D:1:      eino_arrival_tree_alley, layout_rooms, minmay_tromino_v2
D:2:      layout_basic, ebering_ecumenical_altar_hall, minmay_rat_gold_closets
D:3:      layout_basic, mainiacjoe_overflow_brackets, serial_undead,
          serial_undead_d, serial_undead_c, serial_undead_b, serial_undead_f,
          minmay_joined_circles, uniq_grinder
D:4:      layout_cave_pools, mainiacjoe_overflow_tiny_flanked,
          nicolae_uskayaw_en_pointe, nicolae_ru_great_annihilating_truth,
          nicolae_overflow_two_pavilions, minmay_temple_entry_arrows,
          uniq_edmund
Temple:   jpeg_temple_alley_garden

Skill      XL: |  1  2  3  4  5  6  7 |
---------------+----------------------+-----
Long Blades    | 3 5 |  5.9
Armour         | 4 5 |  5.2
Fighting       | 4 5 |  5.0
Shields        | 5 |  5.2
Invocations    | 1 |  1.0
Evocations     | |  0.1

Action                   |  1- 3 |  4- 6 |  7- 9 || total
-------------------------+-------+-------+-------++-------
Melee: Long sword        |   105 |   117 |   119 ||   341
 Abil: Dig               |     6 |       |       ||     6
Evoke: Wand              |       |     2 |       ||     2
  Use: Scroll            |     7 |     6 |     2 ||    15
       Potion            |       |     7 |     1 ||     8
 Stab: Paralysed         |       |       |     1 ||     1
Armor: Scale mail        |    50 |       |       ||    50
       Chain mail        |     5 |    65 |    60 ||   130
Dodge: Dodged            |    39 |    56 |    50 ||   145
Block: Buckler           |    27 |    39 |    42 ||   108
